 Dungeon Crawl Stone Soup version 0.24.1-14-gf8d2b509d9 (webtiles) character file.

Game seed: 16589655367354456772, levelgen mode: deterministic

140 Gabide the Bolt Thrower (level 4, 0/36 HPs)
             Began as a Demigod Hunter on May 27, 2020.
             Slain by an orc
             ... wielding a +0 flail
              (8 damage)
             ... on level 3 of the Dungeon.
             The game lasted 00:06:08 (1521 turns).

Gabide the Bolt Thrower (Demigod Hunter)            Turns: 1521, Time: 00:06:08

Health: 0/36       AC:  3    Str: 20    XL:     4   Next: 71%
Magic:  6/6        EV: 12    Int: 15    God:
Gold:   159        SH:  0    Dex: 18    Spells: 3/3 levels left

rFire    . . .     SeeInvis .   k - +2 great sword (flame)
rCold    . . .     Gourm    .   (shield currently unavailable)
rNeg     . . .     Faith    .   c - +0 leather armour
rPois    .         Spirit   .   (no helmet)
rElec    .         Reflect  .   (no cloak)
rCorr    .         Harm     .   (no gloves)
MR       .....                  (no boots)
Stlth    ++........             (no amulet)
HPRegen  0.12/turn              (no ring)
MPRegen  0.10/turn              (no ring)

@: mighty
A: high mp 1
a: no special abilities


You were on level 3 of the Dungeon.
You were not hungry.

You visited 1 branch of the dungeon, and saw 3 of its levels.

You collected 159 gold pieces.

Inventory:

Hand Weapons
 a - a +1 hand crossbow
 b - a +0 short sword
 k - a +2 great sword of flaming (weapon)
 n - a cursed -3 rapier
Missiles
 d - 28 bolts
Armour
 c - a +0 leather armour (worn)
 g - a +1 plate armour
 h - a +0 scale mail
Wands
 o - a wand of scattershot (5)
Scrolls
 e - 3 scrolls of identify
 j - a scroll of fog
Potions
 m - a potion of cancellation {unknown}
 p - a potion of heal wounds {unknown}
Comestibles
 f - 7 rations
 l - a chunk of flesh


   Skills:
 + Level 2.1 Fighting
 * Level 1.3 Long Blades
 - Level 5.1 Crossbows
 * Level 0.8 Armour
 + Level 2.0 Dodging
 - Level 0.8 Stealth


You had 3 spell levels left.
You didn't know any spells.
Your spell library was empty.

Dungeon Overview and Level Annotations

Branches:
Dungeon (3/15)


Innate Abilities, Weirdness & Mutations

You have an increased reservoir of magic. (+10% MP)


Message History

You miss something. Something hits you.
You barely miss something. Something hits you. Something barely misses you.
You miss something.
You feel sick.
You are no longer poisoned.
Something hits you but does no damage. Something hits you.
* * * LOW HITPOINT WARNING * * *
You writhe in agony.
* * * LOW HITPOINT WARNING * * *
You slice something!! You burn something.
Reactivating autopickup.
Your Long Blades skill increases to level 1!
Your Dodging skill increases to level 2!
You feel a bit more experienced.
You slash the ooze! You burn the ooze.
You kill the ooze!
The orc closely misses you.
You slash the orc! You burn the orc.
You kill the orc!
You barely miss the orc. The orc hits you with a +0 flail!
You die...

≈≈≈≈≈≈≈≈≈≈.####.######.....#.....
≈≈≈≈≈≈≈≈≈≈#.....#### #.#####÷#._.
....≈#≈≈≈≈########.###†####..##.#
..#####≈≈≈# #....)...##...### ..
##≈≈# ##.###.#.##...... ##≈#
#.###.#......... ≈≈
#..........###.. ##
########.####### ### .
######oo@.....#
..#####.##.#g########
?........S.o..# ......$.......# #
..............# #
........##.#.....♣ #
..._..o.####.....P♣ # .....o).#
##......♣ # .♣.....o# ##....♣. #


You could see 3 orcs and a hobgoblin.

Vanquished Creatures
  An orc wizard (D:3)
  5 adders
  An ooze (D:3)
  2 worms (D:2)
  3 dart slugs
  A leopard gecko (D:1)
  3 orcs (D:3)
  8 bats
  5 goblins
  6 hobgoblins
  3 jackals (D:2)
  2 frilled lizards (D:1)
  3 kobolds
  10 rats
53 creatures vanquished.

Notes
Turn   | Place    | Note
-------+----------+-------------------------------------------
     0 | D:1      | Gabide the Demigod Hunter began the quest for the Orb.
     0 | D:1      | Reached XP level 1. HP: 17/17 MP: 3/3
    78 | D:1      | Reached skill level 4 in Crossbows
   122 | D:1      | Reached XP level 2. HP: 24/24 MP: 4/4
   554 | D:2      | Reached XP level 3. HP: 29/29 MP: 5/5
   682 | D:2      | Reached skill level 5 in Crossbows
   722 | D:2      | HP: 1/29 [poisoned by an adder]
  1251 | D:3      | Found a sparkling altar of Nemelex Xobeh.
  1280 | D:3      | Reached XP level 4. HP: 36/36 MP: 6/6
  1387 | D:3      | Found a shadowy altar of Dithmenos.
  1491 | D:3      | Found a snail-covered altar of Cheibriados.
  1518 | D:3      | Reached skill level 1 in Long Blades
  1521 | D:3      | Slain by an orc

Levels and vault maps discovered:
D:1:      scummos_arrival_star, layout_rooms
D:2:      layout_rooms, first_ration
D:3:      layout_loops_cross, nicolae_dithmenos_through_a_glass_darkly,
          grunt_temple_overflow_open, chequers_serial_rivers_large_a,
          nemelex_xobeh_ov_fountains_minmay, uniq_ijyb, uniq_crazy_yiuf_cottage

Skill      XL: |  1  2  3  4 |
---------------+-------------+-----
Crossbows      | 4 5 |  5.1
Fighting       | 2 |  2.1
Long Blades    | 1 |  1.3
Dodging        | 2 |  2.0
Armour         | |  0.8
Stealth        | |  0.8

Action                   |  1- 3 |  4- 6 || total
-------------------------+-------+-------++-------
Melee: Great sword       |     3 |    27 ||    30
 Fire: Hand crossbow     |    91 |       ||    91
  Use: Scroll            |     7 |       ||     7
       Potion            |     2 |     1 ||     3
  Eat: Chunk             |       |     2 ||     2
Armor: Leather armour    |     7 |    12 ||    19
Dodge: Dodged            |    29 |    16 ||    45
       Rpst.: Great sword |       |     3 ||     3
